[Event "Team 45 45 League T46"]
[Site "Internet Chess Club"]
[Date "2010.09.06"]
[Round "5"]
[White "Salvatore"]
[Black "Atlantis"]
[Result "0-1"]
[WhiteElo "1666"]
[BlackElo "1887"]
[Opening "English opening: Agincourt variation"]
[ECO "A13"]
[Time "17:07:52"]
[TimeControl "2700+45"]

1. Nf3 d5 2. c4 e6 3. g3 d4 4. Bg2 Nf6 5. O-O Nc6 6. d3 Be7 7. a3 a5 8. e3 e5 9.
exd4 exd4 10. Re1 O-O 11. Bg5 h6 12. Bf4 Bd6 13. Bxd6 Qxd6 14. Nbd2 a4 15. Qc2
Qc5 16. b3 Bf5 17. b4 Qd6 18. c5 Qd7 19. Nc4 Bh3 20. Nfe5 Nxe5 21. Nxe5 Qc8 22.
Bh1 c6 23. Nc4 Nd5 24. Bxd5 cxd5 25. Nb6 Qf5 26. f4 Rae8 27. Nxa4 Re3 28. Rxe3
dxe3 29. Re1 d4 30. Nb2 Qd5 31. Nc4 Re8 32. Qe2 Re6 33. a4 Rg6 34. a5 h5 35. Ne5
Rh6 36. Qf3 Qa2 37. Qxb7 Qf2+ {White resigns} 0-1

[Event "Team 45 45 League T46"]
[Site "Internet Chess Club"]
[Date "2010.09.06"]
[Round "5"]
[White "JohLeb"]
[Black "ILRE"]
[Result "0-1"]
[WhiteElo "1327"]
[BlackElo "1545"]
[Opening "Old Indian: main line"]
[ECO "A55"]
[Time "10:59:37"]
[TimeControl "2700+45"]

1. d4 Nf6 2. c4 d6 3. Nc3 Nbd7 4. e4 e5 5. Nf3 Be7 6. Be2 O-O 7. b4 a5 8. b5 b6
9. a4 exd4 10. Nxd4 Bb7 11. f3 h6 12. O-O Ne5 13. Be3 Re8 14. Qd2 Bf8 15. Rad1
Nfd7 16. Nf5 Qf6 17. Nd5 Bxd5 18. cxd5 Nc5 19. Bd4 Nb3 20. Qc3 Nxd4 21. Qxd4 Nd7
22. Qxf6 Nxf6 23. Nd4 Nd7 24. Bd3 Ne5 25. Bc2 g6 26. f4 Ng4 27. Rf3 Nf6 28. Re1
Bg7 29. Nc6 Nd7 30. Rfe3 Nb8 31. Kf1 Nxc6 32. dxc6 h5 33. Bb3 Kf8 34. Bd5 Bh6
35. g3 Bg7 36. Kg2 Rad8 37. h3 Bd4 38. Rf3 Kg7 39. g4 hxg4 40. hxg4 Rh8 41. Rd1
Bc5 42. e5 Rh4 43. Rg3 Rdh8 44. Kf3 Rh2 45. exd6 Rf2+ 46. Ke4 Re8+ 47. Kd3 Bxd6
48. Re3 Rxe3+ 49. Kxe3 Rxf4 50. Bf3 Rxa4 51. Be2 Bf4+ 52. Kf3 g5 53. Rd7 Rb4 54.
Re7 a4 55. Re4 Rb3+ 56. Kf2 a3 57. Ra4 Bd6 58. Bc4 Rg3 59. Be2 Rc3 60. Kf1 Rc2
61. Bd3 Rh2 62. Be2 Rh3 63. Kg2 Rc3 64. Kf1 Kf6 65. Ke1 Ke5 66. Kd2 Rg3 67. Bd3
Kf6 68. Bf5 a2 69. Rxa2 Rg2+ {White resigns} 0-1

[Event "Team 45 45 League T46"]
[Site "Internet Chess Club"]
[Date "2010.09.03"]
[Round "5"]
[White "houseofcook"]
[Black "trickey1872"]
[Result "0-1"]
[WhiteElo "1370"]
[BlackElo "1485"]
[Opening "Scandinavian (center counter) defense"]
[ECO "B01"]
[Time "14:00:20"]
[TimeControl "2700+45"]

1. e4 d5 2. e5 c5 3. c3 Nc6 4. d4 cxd4 5. cxd4 Bf5 6. Nc3 a6 7. Nf3 e6 8. a3
Nge7 9. b4 b5 10. Be2 g6 11. h3 Bg7 12. O-O Rc8 13. Bg5 Qb6 14. Rc1 O-O 15. Qd2
Be4 16. Rfd1 Bxf3 17. Bxf3 Nf5 18. Be2 Ncxd4 19. g4 Nb3 20. Qa2 Nxc1 21. Bxc1
Nd4 22. Be3 Nxe2+ 23. Nxe2 Qb7 24. Bd4 Rc4 25. Bc5 Rc8 26. f4 Bf8 27. Rc1 Rxc1+
28. Nxc1 Bxc5+ 29. bxc5 Rxc5 30. Ne2 Qc7 31. Qb3 Rc4 32. Qf3 Qb6+ 33. Kg2 Qa5
34. f5 Qd2 35. fxe6 fxe6 36. Kf2 g5 37. Qf6 Rf4+ {White resigns} 0-1

[Event "Team 45 45 League T46"]
[Site "Internet Chess Club"]
[Date "2010.09.05"]
[Round "5"]
[White "Fogbound"]
[Black "blizzard13"]
[Result "0-1"]
[WhiteElo "1306"]
[BlackElo "1356"]
[Opening "Bird's opening"]
[ECO "A02"]
[Time "03:00:07"]
[TimeControl "2700+45"]

1. f4 Nf6 2. Nf3 Nc6 3. g3 d5 4. Bg2 Bf5 5. d3 e6 6. c3 Bd6 7. O-O O-O 8. Na3 a6
9. Nc2 e5 10. Ne3 Qd7 11. Nh4 Bh3 12. f5 Bxg2 13. Kxg2 d4 14. Nc4 Be7 15. Kh3 b5
16. Nd2 g5 17. Ndf3 g4+ 18. Kg2 gxf3+ 19. Nxf3 Ng4 20. h3 Ne3+ 21. Bxe3 dxe3 22.
Qc1 Bc5 23. Qc2 f6 24. Rad1 Kf7 25. d4 exd4 26. Qb3+ Ke8 27. cxd4 Be7 28. Qxe3
Qxf5 29. Nh4 Qd5+ 30. Kh2 Kd7 31. Rf5 Qd6 32. Qb3 Rae8 33. Rd5 Qxd5 34. Qxd5+
Bd6 35. Qf5+ Kd8 36. Ng2 Rxe2 37. Qf3 Re6 38. Qxc6 Bxg3+ 39. Kxg3 Rxc6 40. d5
Rc2 41. Nf4 Rg8+ 42. Kf3 Rxb2 43. Ne6+ Ke7 44. Nxc7 Rxa2 45. d6+ Kd7 46. Nd5
Ra3+ 47. Kf4 Rg6 48. Ke4 Rh6 49. Nb6+ Kd8 50. Kd5 b4 51. Kc6 Rc3+ 52. Kb7 a5 53.
Re1 f5 54. d7 Rc7+ 55. Ka6 Rxd7 56. Kxa5 b3 57. Nxd7 Kxd7 58. Rd1+ Rd6 59. Rb1
Rd3 60. Kb4 Ke6 61. Rb2 f4 62. Kc4 Rxh3 63. Kd4 Kf5 64. Rf2 h5 65. Kc4 Kg4 66.
Rg2+ Rg3 67. Rf2 h4 68. Kb4 h3 69. Ka3 Rg2 70. Rf1 b2 71. Ka2 h2 72. Rh1 Kg3 73.
Rd1 Rg1 74. Rd3+ f3 75. Kxb2 h1=Q 76. Rxf3+ Qxf3 77. Kc2 Rg2+ 78. Kb1 Qf1#
{White checkmated} 0-1

[Event "Team 45 45 League T46"]
[Site "Internet Chess Club"]
[Date "2010.09.05"]
[Round "5"]
[White "bigdill"]
[Black "Gunter"]
[Result "1/2-1/2"]
[WhiteElo "895"]
[BlackElo "1160"]
[Opening "Philidor's defense"]
[ECO "C41"]
[Time "14:59:12"]
[TimeControl "2700+45"]

1. e4 e5 2. Nf3 d6 3. Bb5+ Bd7 4. Nc3 Bxb5 5. Nxb5 a6 6. Nc3 Nf6 7. d3 h6 8. O-O
Nc6 9. b3 Be7 10. Nh4 Nxe4 11. Qg4 Nxc3 12. Bb2 g5 13. Nf5 Bf6 14. Bxc3 Ne7 15.
Qf3 Nxf5 16. Qxf5 Qe7 17. Rfe1 Qe6 18. Qe4 O-O-O 19. h3 Be7 20. Rab1 f5 21. Qe3
b6 22. Rbd1 c5 23. a3 Qd5 24. b4 f4 25. Qe4 Qxe4 26. dxe4 c4 27. a4 Kb7 28. a5
b5 29. Rd5 Kc6 30. Red1 Bf6 31. Kh2 Rhg8 32. f3 Rd7 33. Be1 h5 34. g3 fxg3+ 35.
Bxg3 h4 36. Bf2 Rgd8 37. c3 {Game drawn by mutual agreement} 1/2-1/2

[Event "Team 45 45 League T46"]
[Site "Internet Chess Club"]
[Date "2010.09.12"]
[Round "5"]
[White "smsxman"]
[Black "rookmaster23"]
[Result "0-1"]
[WhiteElo "1478"]
[BlackElo "1511"]
[Opening "Sicilian defense"]
[ECO "B20"]
[Time "13:00:16"]
[TimeControl "2700+45"]

1. e4 c5 2. Bc4 e6 3. Nf3 Nc6 4. Nc3 Nf6 5. e5 Ng4 6. Qe2 Qc7 7. Nb5 Qb8 8. d4
a6 9. Nc3 cxd4 10. Ne4 Ngxe5 11. Bb3 Nxf3+ 12. Qxf3 d5 13. Nd2 Bb4 14. c3 dxc3
15. bxc3 Qe5+ 16. Qe3 Qxe3+ 17. fxe3 Bxc3 18. Rb1 d4 19. O-O dxe3 20. Ne4 e2 21.
Bd2 exf1=Q+ 22. Kxf1 Bxd2 23. Nxd2 O-O 24. Nc4 b5 25. Ne3 Nd4 26. Bd1 Bb7 27. a4
Rfc8 28. axb5 Nxb5 29. Be2 Rc5 30. Ng4 Rb8 31. Rd1 h6 32. Nf2 Rg5 33. g3 Nc3 34.
Rd7 Nxe2 35. Kxe2 Rd5 36. Rc7 a5 37. Nd3 Ba6 38. Rc3 Rxd3 39. Rxd3 Bxd3+ 40.
Kxd3 a4 {White resigns} 0-1

[Event "Team 45 45 League T46"]
[Site "Internet Chess Club"]
[Date "2010.09.03"]
[Round "5"]
[White "krysto"]
[Black "tryanything"]
[Result "1-0"]
[WhiteElo "1429"]
[BlackElo "1572"]
[Opening "Ruy Lopez: closed, Smyslov defense"]
[ECO "C93"]
[Time "18:44:41"]
[TimeControl "2700+45"]

1. e4 e5 2. Nf3 Nc6 3. Bb5 a6 4. Ba4 Nf6 5. O-O b5 6. Bb3 Be7 7. Re1 O-O 8. h3
d6 9. c3 h6 10. d4 exd4 11. cxd4 Na5 12. Bc2 Nb7 13. Nbd2 c5 14. Nf1 cxd4 15.
Nxd4 Nc5 16. Ng3 Ne6 17. Be3 Nxd4 18. Qxd4 Be6 19. b3 Qc7 20. Rac1 Rfd8 21. Qd3
Rac8 22. Bb1 Qb7 23. Bf4 a5 24. Rxc8 Bxc8 25. Qc2 Be6 26. e5 dxe5 27. Bxe5 Qd7
28. Bxf6 Bxf6 29. Qh7+ Kf8 30. Qh8+ Ke7 31. Nf5# {Black checkmated} 1-0

[Event "Team 45 45 League T46"]
[Site "Internet Chess Club"]
[Date "2010.09.06"]
[Round "5"]
[White "ars-felidae"]
[Black "LeanSixSigma"]
[Result "1-0"]
[WhiteElo "1399"]
[BlackElo "1502"]
[Opening "Sicilian defense"]
[ECO "B30"]
[Time "09:00:10"]
[TimeControl "2700+45"]

1. e4 c5 2. Nf3 Nc6 3. Nc3 e5 4. Bc4 Be7 5. O-O Nf6 6. d3 d6 7. h3 a6 8. Bg5 Be6
9. Bxf6 Bxf6 10. Nd5 O-O 11. c3 b5 12. Bb3 Na5 13. Qd2 Nxb3 14. axb3 Bxd5 15.
exd5 Qe7 16. Rfe1 Qb7 17. c4 b4 18. Qe3 Rfe8 19. d4 e4 20. dxc5 Bxb2 21. Ra2 Bc3
22. c6 Qa7 23. Qxa7 Rxa7 24. Ree2 f6 25. Nd2 Bxd2 26. Raxd2 f5 27. c5 Rd8 28.
Rc2 Rc7 29. cxd6 Rxd6 30. Rc5 Kf7 31. f3 exf3 32. gxf3 Kf6 33. Kg2 Kg5 34. Kg3
f4+ 35. Kg2 Kf5 36. Re4 g5 37. Rxb4 Rc8 38. Ra4 Ke5 39. Re4+ Kf5 40. Re7 h6 41.
Kf2 Kf6 42. Re4 Kf5 43. Ke2 h5 44. Kd3 g4 45. hxg4+ hxg4 46. fxg4+ Kxg4 47. Re6
Rdd8 48. c7 Rd7 49. d6 f3 50. Ke3 Rf7 51. Rg6+ Kh4 52. Kf2 Rd7 53. Rc1 Kh5 54.
Rg3 {Black resigns} 1-0

[Event "Team 45 45 League T46"]
[Site "Internet Chess Club"]
[Date "2010.09.05"]
[Round "5"]
[White "supraholic"]
[Black "DrOMM"]
[Result "1-0"]
[WhiteElo "1340"]
[BlackElo "1335"]
[Opening "Caro-Kann defense"]
[ECO "B10"]
[Time "16:10:28"]
[TimeControl "2700+45"]

1. e4 c6 2. Nf3 d5 3. e5 Bf5 4. d4 e6 5. Bg5 Qb6 6. b3 h6 7. Bd2 c5 8. Bc3 Nc6
9. Bb2 Nb4 10. Na3 cxd4 11. Bb5+ Kd8 12. Nxd4 Bc5 13. c3 Nc6 14. O-O Nxd4 15.
cxd4 Bxa3 16. Bxa3 Qxb5 17. Bd6 Ne7 18. Rc1 Rc8 19. Qd2 Rxc1 20. Rxc1 Kd7 21.
Rc7+ Kd8 22. Rxe7 Bg6 23. h3 Qc6 24. Rc7 Qxc7 25. Bxc7+ Kxc7 26. Qa5+ Kb8 27. a4
Rc8 28. Qb4 f6 29. Qd6+ Ka8 30. Qxe6 Rc1+ 31. Kh2 b6 32. Qg8+ {Black resigns}
1-0

[Event "Team 45 45 League T46"]
[Site "Internet Chess Club"]
[Date "2010.09.06"]
[Round "5"]
[White "j316chuck"]
[Black "badmove"]
[Result "1/2-1/2"]
[WhiteElo "1673"]
[BlackElo "1706"]
[Opening "Ruy Lopez: closed, 7...O-O"]
[ECO "C88"]
[Time "17:14:36"]
[TimeControl "2700+45"]

1. e4 e5 2. Nf3 Nc6 3. Bb5 a6 4. Ba4 Nf6 5. O-O Be7 6. Re1 b5 7. Bb3 O-O 8. d4
Nxd4 9. Nxd4 exd4 10. Qxd4 c5 11. Qd3 c4 12. Bxc4 bxc4 13. Qxc4 d5 14. exd5 Bb7
15. Nc3 Rc8 16. Qb3 {Game drawn by mutual agreement} 1/2-1/2

[Event "Team 45 45 League T46"]
[Site "Internet Chess Club"]
[Date "2010.09.05"]
[Round "5"]
[White "dscvdchk"]
[Black "kid6988"]
[Result "1-0"]
[WhiteElo "1521"]
[BlackElo "1437"]
[Opening "Grünfeld: modern exchange variation"]
[ECO "D90"]
[Time "16:02:24"]
[TimeControl "2700+45"]

1. d4 Nf6 2. c4 g6 3. Nc3 d5 4. Nf3 Bg7 5. cxd5 Nxd5 6. e4 Nxc3 7. bxc3 c5 8.
Rb1 Qa5 9. Qd2 a6 10. Be2 Nc6 11. O-O cxd4 12. cxd4 Qxd2 13. Bxd2 Nxd4 14. Nxd4
Bxd4 15. Bh6 b5 16. Rfd1 e5 17. Rdc1 Be6 18. Rc2 Kd7 19. Rd2 Rac8 20. Bg7 Rhd8
21. Bxe5 Bxa2 22. Ra1 Ke6 23. Bxd4 Bb3 24. Rxa6+ Ke7 25. Bf6+ Ke8 26. Bxb5+ Kf8
27. Rxd8+ {Black resigns} 1-0

[Event "Team 45 45 League T46"]
[Site "Internet Chess Club"]
[Date "2010.09.04"]
[Round "5"]
[White "kingsleywang"]
[Black "chicopee-ed"]
[Result "0-1"]
[WhiteElo "1107"]
[BlackElo "1348"]
[Opening "King's pawn opening"]
[ECO "B07"]
[Time "13:00:21"]
[TimeControl "2700+45"]

1. e4 d6 2. Nf3 Nf6 3. e5 dxe5 4. Nxe5 Bf5 5. g3 c6 6. Bg2 e6 7. Kf1 Nbd7 8.
Nxd7 Qxd7 9. Bf3 Bc5 10. Kg2 O-O-O 11. Re1 Rhe8 12. Kg1 e5 13. Bg2 Bg4 14. Bf3
Bxf3 15. Qxf3 Ng4 16. Nc3 Bxf2+ 17. Kf1 Bxe1 18. Kxe1 f5 19. h3 e4 20. Qf4 Nf6
21. b3 Nd5 22. Nxd5 Qxd5 23. Bb2 g6 24. Qe3 Kb8 25. Qf4+ Ka8 26. Bf6 Rd7 27. c4
Qd3 28. Qf2 Qf3 29. Qxf3 exf3+ 30. Kf2 Rxd2+ 31. Kxf3 Rd3+ 32. Kf4 Re4+ 33. Kg5
Rxg3+ 34. Kh6 Rxh3+ 35. Kg5 Rg4# {White checkmated} 0-1

[Event "Team 45 45 League T46"]
[Site "Internet Chess Club"]
[Date "2010.09.04"]
[Round "5"]
[White "vishnugupta"]
[Black "Deadly-Spike"]
[Result "0-1"]
[WhiteElo "1250"]
[BlackElo "1537"]
[Opening "Grünfeld: exchange variation"]
[ECO "D85"]
[Time "20:21:55"]
[TimeControl "2700+45"]

1. d4 Nf6 2. c4 g6 3. Nc3 d5 4. cxd5 Nxd5 5. e4 Nxc3 6. bxc3 Bg7 7. Be2 c5 8.
Nf3 O-O 9. O-O cxd4 10. cxd4 Nc6 11. e5 Bg4 12. Bb2 Bxf3 13. Bxf3 Rb8 14. Qd2
Nxe5 15. Be2 Nc6 16. Rfd1 e6 17. Bc4 Na5 18. Bb5 a6 19. Ba3 axb5 20. Bxf8 Bxf8
21. Rab1 b4 22. d5 exd5 23. Qxd5 Qxd5 24. Rxd5 Nc6 25. h3 Rd8 26. Rb5 Rb8 27.
Rc1 Nd4 28. Re5 Bg7 29. Re7 Bf6 30. Re4 Ra8 31. Rce1 Rxa2 32. Re8+ Kg7 33. Rb8
b5 34. Ree8 b3 35. Rg8+ Kh6 36. Rbf8 b2 37. Rxf7 b1=Q+ 38. Kh2 Be5+ 39. f4 Ne2
40. h4 Qg1+ 41. Kh3 Ra3+ {White resigns} 0-1

[Event "Team 45 45 League T46"]
[Site "Internet Chess Club"]
[Date "2010.09.02"]
[Round "5"]
[White "BrerRabbit"]
[Black "rook9999"]
[Result "0-1"]
[WhiteElo "1558"]
[BlackElo "1516"]
[Opening "English opening"]
[ECO "A20"]
[Time "19:33:00"]
[TimeControl "2700+45"]

1. c4 e5 2. g3 Nf6 3. Bg2 c6 4. Nf3 d6 5. Nc3 Be7 6. O-O O-O 7. d3 Bg4 8. h3 Be6
9. Be3 Nbd7 10. Rb1 a6 11. b4 d5 12. cxd5 cxd5 13. d4 e4 14. Nd2 Nb6 15. f3 exf3
16. exf3 Qd7 17. Kh2 Bd6 18. f4 Qe7 19. f5 Bxf5 20. Rxf5 Qxe3 21. Nxd5 Nbxd5 22.
Rb3 Qe6 23. a3 Qxf5 {White resigns} 0-1

[Event "Team 45 45 League T46"]
[Site "Internet Chess Club"]
[Date "2010.09.02"]
[Round "5"]
[White "zigzag2002"]
[Black "SCUGrad"]
[Result "0-1"]
[WhiteElo "1602"]
[BlackElo "1442"]
[Opening "QGD Slav: Tolush-Geller gambit"]
[ECO "D15"]
[Time "20:00:46"]
[TimeControl "2700+45"]

1. d4 d5 2. Nf3 Nf6 3. c4 c6 4. Nc3 dxc4 5. e4 b5 6. e5 Nd5 7. Be2 e6 8. O-O Be7
9. a4 Bd7 10. axb5 cxb5 11. Nxd5 exd5 12. Be3 Nc6 13. b3 O-O 14. Rb1 Rb8 15.
bxc4 bxc4 16. Nd2 Bf5 17. Rxb8 Qxb8 18. Nxc4 dxc4 19. Bxc4 Rd8 20. Qf3 Nxd4 21.
Bxd4 Rxd4 22. Bxf7+ Kxf7 23. Qxf5+ Kg8 24. Qe6+ Kf8 25. f4 Bc5 26. Kh1 Qd8 27.
Qf5+ Kg8 28. Qc2 Qd5 29. e6 Rd2 30. Qxd2 Qxd2 31. Rb1 Qxf4 32. h3 h5 33. Re1 Kf8
34. Rd1 Qd6 35. Rxd6 Bxd6 36. Kg1 a5 37. Kf1 a4 38. Ke1 a3 39. Kd1 a2 40. Kc2
a1=Q 41. Kd3 Qf1+ 42. Kd4 Qxg2 43. e7+ Kxe7 {White resigns} 0-1

[Event "Team 45 45 League T46"]
[Site "Internet Chess Club"]
[Date "2010.09.06"]
[Round "5"]
[White "AlPearson"]
[Black "cazj"]
[Result "0-1"]
[WhiteElo "1445"]
[BlackElo "1361"]
[Opening "English opening"]
[ECO "A20"]
[Time "10:00:46"]
[TimeControl "2700+45"]

1. c4 e5 2. g3 Nf6 3. Bg2 Bc5 4. Nf3 Nc6 5. Nc3 a6 6. a3 O-O 7. b4 Ba7 8. b5
axb5 9. cxb5 Ng4 10. bxc6 Nxf2 11. cxb7 Bxb7 12. Qb3 Bxf3 13. Bxf3 Nxh1 14. Bxa8
Qxa8 15. Qd5 Nf2 16. Qxa8 Rxa8 17. Nb5 Bb6 18. Bb2 e4 19. e3 Nd3+ 20. Ke2 Nxb2
21. Ra2 Nc4 22. a4 c6 23. Nc3 d5 24. g4 Ba5 25. h3 Rb8 26. Rc2 Rb2 27. Rxb2 Nxb2
28. Ke1 Bxc3 29. dxc3 Nxa4 30. Kd2 g6 31. Kc2 h5 32. Kb3 Nb6 33. Kc2 hxg4 34.
hxg4 Kg7 35. Kb3 Kh6 36. Kb4 Nc4 37. Kc5 Nxe3 38. Kxc6 Kg5 39. Kc5 Kxg4 40. Kd4
Kf3 41. Ke5 g5 42. Kf6 g4 43. Kxf7 g3 44. Kf6 g2 45. Ke5 g1=Q 46. Kd4 Nd1+ 47.
Kxd5 Nxc3+ 48. Ke5 e3 49. Kf5 e2 50. Ke5 e1=Q+ 51. Kf5 Qe4+ 52. Kf6 Qgg6# {White
checkmated} 0-1

[Event "Team 45 45 League T46"]
[Site "Internet Chess Club"]
[Date "2010.09.03"]
[Round "5"]
[White "iwin2"]
[Black "AtomicDog"]
[Result "0-1"]
[WhiteElo "1024"]
[BlackElo "1529"]
[Opening "Sicilian: Grand Prix attack"]
[ECO "B23"]
[Time "18:15:06"]
[TimeControl "2700+45"]

1. e4 c5 2. Nc3 Nc6 3. f4 g6 4. Nf3 Bg7 5. Bc4 e6 6. d3 Nge7 7. O-O d5 8. exd5
exd5 9. Bb3 O-O 10. Qe1 Re8 11. Ng5 Nf5 12. Qf2 Bd4 13. Be3 Bxe3 14. Bxd5 Bxf2+
15. Rxf2 Be6 16. Bxe6 fxe6 17. Re1 Qf6 18. Rfe2 Ncd4 19. Re4 h6 20. Nf3 Nxf3+
21. gxf3 Nd4 22. Rc1 Nxf3+ 23. Kg2 Nh4+ 24. Kh1 Nf5 25. Nb5 Qh4 26. Nc7 Ng3+ 27.
Kg2 Nxe4 28. dxe4 Qxf4 29. Nxe8 Qxc1 30. Nf6+ Kf7 31. Nd7 Qg5+ 32. Kh3 Rd8 33.
Nxc5 Qe3+ 34. Kg2 Qxc5 35. b3 Qc3 36. Kf2 Rd2+ 37. Ke1 Qxc2 38. Kf1 Qxa2 39. Ke1
Rxh2 40. Kf1 Qa1# {White checkmated} 0-1

[Event "Team 45 45 League T46"]
[Site "Internet Chess Club"]
[Date "2010.09.07"]
[Round "5"]
[White "dagambiter"]
[Black "LeanSixSigma"]
[Result "1-0"]
[WhiteElo "1537"]
[BlackElo "1487"]
[Opening "Sicilian: Smith-Morra gambit"]
[ECO "B41"]
[Time "20:00:06"]
[TimeControl "2700+45"]

1. e4 c5 2. d4 e6 3. Nf3 Be7 4. Bf4 Nf6 5. Bd3 cxd4 6. c3 d5 7. e5 Nfd7 8. O-O
dxc3 9. Nxc3 Nc6 10. Rc1 d4 11. Nb5 O-O 12. Nbxd4 Nb4 13. Bb1 Nd5 14. Qd3 f5 15.
Nxe6 Nxf4 16. Nxf4 Nc5 17. Qc4+ Kh8 18. Rfd1 Qb6 19. Nd5 Be6 20. Nxb6 Bxc4 21.
Nxc4 g6 22. Nd6 b6 23. Nb5 Ne6 24. g3 Nc5 25. b4 Na4 26. a3 a6 27. Nc7 Ra7 28.
Ne6 Rb8 29. Rc7 Rxc7 30. Nxc7 Nc3 31. Nxa6 Ra8 32. Rd7 Nxb1 33. Nc7 Rxa3 34.
Rxe7 Rxf3 35. e6 Kg8 36. Re8+ Kg7 37. e7 Kf7 38. Kg2 Rc3 39. Rc8 Kxe7 40. Nd5+
Kd6 41. Nxc3 Kd7 42. Rc4 Na3 43. Rd4+ Kc6 44. f4 Nc2 45. Rc4+ Kb7 46. Kf2 Na3
47. Rd4 Nc2 48. Rd7+ Kc6 49. Rxh7 Nxb4 50. Rh6 Nd3+ 51. Ke3 Nc5 52. Rxg6+ Kb7
53. h4 Nd7 54. h5 Nf8 55. Rg7+ Kc6 56. Rf7 Ne6 57. h6 {Black resigns} 1-0

[Event "Team 45 45 League T46"]
[Site "Internet Chess Club"]
[Date "2010.09.02"]
[Round "5"]
[White "jjaillet2007"]
[Black "MeansToAnEnd"]
[Result "0-1"]
[WhiteElo "1253"]
[BlackElo "1241"]
[Opening "QGD Slav defense, Alekhine variation"]
[ECO "D10"]
[Time "21:07:18"]
[TimeControl "2700+45"]

1. d4 d5 2. c4 c6 3. Nc3 dxc4 4. e4 b5 5. a3 Nf6 6. Nf3 e6 7. Bg5 Be7 8. e5 Nd5
9. Bxe7 Qxe7 10. g3 O-O 11. Bg2 Nd7 12. O-O f6 13. Re1 fxe5 14. Nxd5 cxd5 15.
Nxe5 Nxe5 16. Rxe5 Qf6 17. Qc2 Bd7 18. Rh5 g6 19. Rh4 Qf5 20. Qd2 a5 21. Rf4 Qd3
22. Qxd3 cxd3 23. Rd1 Rxf4 24. gxf4 Rf8 25. Rxd3 Rxf4 26. f3 h5 27. h3 h4 28.
Kf2 Kg7 29. Ke3 g5 30. Rd1 Kf6 31. b4 a4 32. Rc1 e5 33. dxe5+ Kxe5 34. Re1 Rc4
35. Kf2+ Kf4 36. Rd1 Rc2+ 37. Kg1 Be6 38. Kh2 Rc3 39. Bf1 Rc2+ 40. Bg2 Ra2 41.
Rd4+ Ke3 42. Rd1 d4 43. Re1+ Re2 44. Rxe2+ Kxe2 45. Kg1 d3 46. Bf1+ Ke3 47. Bxd3
Kxd3 48. Kf2 Bxh3 49. f4 gxf4 50. Kf3 Kc3 51. Kxf4 Kb3 52. Kg5 Kxa3 53. Kxh4
Kxb4 54. Kxh3 a3 55. Kg3 a2 56. Kf4 a1=Q 57. Ke4 Qd1 58. Ke5 Kc3 59. Ke6 b4
{White resigns} 0-1

[Event "Team 45 45 League T46"]
[Site "Internet Chess Club"]
[Date "2010.09.03"]
[Round "5"]
[White "sere"]
[Black "kabubi"]
[Result "0-1"]
[WhiteElo "1196"]
[BlackElo "1165"]
[Opening "Queen's pawn game"]
[ECO "E20"]
[Time "10:01:04"]
[TimeControl "2700+45"]

1. d4 Nf6 2. c4 e6 3. Nc3 g6 4. Nf3 Bg7 5. Bf4 O-O 6. e4 d5 7. Bd3 Nc6 8. O-O
Nd7 9. e5 Ne7 10. Qb3 c6 11. cxd5 cxd5 12. Qb4 a5 13. Qa3 Re8 14. Rac1 Bf8 15.
Nb5 Nc6 16. Nd6 Nb6 17. Nxe8 Bxa3 18. Nf6+ Kh8 19. bxa3 Qf8 20. Rc3 Nd7 21. Ng4
h5 22. Nh6 Qg7 23. Re1 f5 24. Bg5 Kh7 25. Rc2 Ne7 26. Rec1 Qf8 27. Bxe7 Qxe7 28.
Rxc8 Rxc8 29. Rxc8 Kxh6 30. Rh8+ Kg7 {White resigns} 0-1

[Event "Team 45 45 League T46"]
[Site "Internet Chess Club"]
[Date "2010.09.05"]
[Round "5"]
[White "dabodhi"]
[Black "seattleblues"]
[Result "1-0"]
[WhiteElo "1218"]
[BlackElo "1253"]
[Opening "French defense"]
[ECO "C00"]
[Time "21:00:12"]
[TimeControl "2700+45"]

1. e4 e6 2. Nf3 d5 3. exd5 exd5 4. Bb5+ Bd7 5. Qe2+ Ne7 6. Nc3 c6 7. Ba4 Na6 8.
d4 f6 9. Bf4 Qb6 10. Nd1 Qb4+ 11. Nc3 Qxb2 12. O-O Qxc3 13. Rab1 b5 14. Bd2 Qc4
15. Qxc4 dxc4 16. Bf4 Nd5 17. Rfe1+ Be7 18. Bg3 O-O 19. c3 bxa4 20. Rb7 Nb8 21.
Nd2 Bf5 22. Nxc4 Nd7 23. Na5 Ba3 24. Nxc6 Nxc3 25. Re3 Ne4 26. Rxa3 Nxg3 27.
Rxg3 Be4 28. Rxd7 Bxc6 29. Rgxg7+ Kh8 30. Rxh7+ Kg8 31. Rdg7# {Black checkmated}
1-0

[Event "Team 45 45 League T46"]
[Site "Internet Chess Club"]
[Date "2010.09.06"]
[Round "5"]
[White "Traho"]
[Black "CoasterBrake"]
[Result "1-0"]
[WhiteElo "1216"]
[BlackElo "1206"]
[Opening "Caro-Kann: advance variation"]
[ECO "B12"]
[Time "11:00:57"]
[TimeControl "2700+45"]

1. e4 c6 2. d4 d5 3. e5 Bf5 4. Nc3 e6 5. Nf3 c5 6. Be3 Qb6 7. b3 Nc6 8. Na4 Qa5+
9. Bd2 Qc7 10. Nxc5 Bxc5 11. dxc5 Nxe5 12. Bb5+ Nc6 13. O-O a6 14. Bd3 Bxd3 15.
cxd3 Nf6 16. Qe1 O-O 17. d4 Ne4 18. Ne5 Nxe5 19. dxe5 Qxe5 20. f3 Qd4+ 21. Be3
Qc3 22. fxe4 Qe5 23. Bf4 Qd4+ 24. Qe3 Qb2 25. Qd2 Qxd2 26. Bxd2 Rac8 27. exd5
exd5 28. Bb4 Rfd8 29. Rad1 d4 30. Rd3 Rc6 31. Re1 b6 32. Rxd4 bxc5 33. Rxd8#
{Black checkmated} 1-0

[Event "Team 45 45 League T46"]
[Site "Internet Chess Club"]
[Date "2010.09.05"]
[Round "5"]
[White "Fogbound"]
[Black "jocooper"]
[Result "0-1"]
[WhiteElo "1281"]
[BlackElo "1122"]
[Opening "King's Indian: London system"]
[ECO "A45"]
[Time "14:00:21"]
[TimeControl "2700+45"]

1. d4 Nf6 2. Bf4 g6 3. Nf3 Bg7 4. e3 O-O 5. Be2 d6 6. h3 Nbd7 7. c3 e5 8. dxe5
dxe5 9. Bh2 Re8 10. O-O e4 11. Nd4 a6 12. Na3 Nb6 13. Nc4 Nxc4 14. Bxc4 Qd7 15.
Qc2 b5 16. Be2 Bb7 17. Rad1 Rac8 18. Nb3 Qe7 19. Na5 Bd5 20. c4 bxc4 21. Bxc4
Qc5 22. b4 Qxb4 23. Bxa6 Ra8 24. Nc6 Qb6 25. Ne5 Qxa6 26. Nc6 Bxc6 27. Rc1 Bb5
28. Rfe1 Nd5 29. Qb3 Be5 30. Qxd5 Bxh2+ 31. Kxh2 Qd6+ 32. Qxd6 cxd6 33. Rb1 Bd3
34. Rb2 f5 35. Rc1 Rec8 36. Rxc8+ Rxc8 37. a4 d5 38. a5 Bc4 39. Rb6 Ra8 40. Kg3
Rxa5 41. Kf4 Ra8 42. Kg5 Rf8 43. g3 Kg7 44. Kf4 Rf6 45. Rb7+ Rf7 46. Rb6 Re7 47.
Rc6 h6 48. h4 Kf7 49. Rc5 Kf6 50. Rc6+ Re6 51. Rxe6+ Kxe6 52. g4 Be2 53. g5
hxg5+ 54. hxg5 Kd6 55. Kg3 Kc5 56. Kf4 Kc4 57. Ke5 Bh5 58. Kf4 Kd3 59. Kg3 Ke2
60. Kg2 f4 61. exf4 d4 62. Kg3 d3 63. Kh4 d2 64. f5 d1=Q {White resigns} 0-1

[Event "Team 45 45 League T46"]
[Site "Internet Chess Club"]
[Date "2010.09.05"]
[Round "5"]
[White "WannaB"]
[Black "dornoch"]
[Result "0-1"]
[WhiteElo "985"]
[BlackElo "996"]
[Opening "Caro-Kann: exchange variation"]
[ECO "B13"]
[Time "11:01:07"]
[TimeControl "2700+45"]

1. e4 c6 2. d4 d5 3. exd5 cxd5 4. Nf3 e6 5. c3 Nc6 6. Bd3 g6 7. O-O Bg7 8. Bf4
Nf6 9. a4 O-O 10. Nbd2 Re8 11. Ne5 Bd7 12. Nb3 b6 13. Nxd7 Qxd7 14. Bb5 a6 15.
Bxc6 Qxc6 16. a5 Nd7 17. axb6 Qxb6 18. Na5 Nb8 19. Qb3 Qxb3 20. Nxb3 Rc8 21. Nc5
Bf8 22. b4 Bxc5 23. dxc5 Nc6 24. b5 axb5 25. Rxa8 Rxa8 26. Bd6 d4 27. cxd4 Nxd4
28. Rd1 Nc6 29. Rb1 b4 30. h3 Ra3 31. Bf4 Ra5 32. Bd6 Rb5 33. Ra1 f6 34. Ra6 b3
35. Rxc6 b2 36. Rc8+ Kf7 37. Rc7+ Ke8 38. Re7+ Kd8 39. Rxh7 b1=Q+ 40. Kh2 Qc1
41. Rh8+ Kd7 42. Rh7+ Kc6 43. Rc7+ Kd5 44. Be7 Qf4+ 45. Kg1 Qxc7 46. Bd6 Qc6 47.
g3 Ke4 48. f3+ Kxf3 49. Kh2 Rxc5 50. Bf4 Rc2+ 51. Kg1 Rc1+ 52. Bxc1 Qxc1+ 53.
Kh2 Qc2+ 54. Kg1 Qg2# {White checkmated} 0-1